 Dungeon Crawl Stone Soup version 0.19.5 (webtiles) character file.

5679 Jynx the Destroyer (level 10, -1/52 HPs)
             Began as a Deep Elf Conjurer on Mar 26, 2017.
             Was a Priest of Vehumet.
             Slain by a polar bear (6 damage)
             ... on level 9 of the Dungeon.
             The game lasted 00:20:50 (11890 turns).

Jynx the Destroyer (Deep Elf Conjurer)             Turns: 11890, Time: 00:20:50

Health: -1/52      AC:  9    Str:  5    XL:     10   Next: 47%
Magic:  1/27       EV: 13    Int: 23    God:    Vehumet [***...]
Gold:   283        SH:  0    Dex: 16    Spells: 4 memorised, 22 levels left

rFire  . . .     SeeInvis .     e - +0 dagger (freeze)
rCold  . . .     Gourm    .     K - +1 robe {rN+}
rNeg   + . .     Faith    .     (no shield)
rPois  +         Spirit   .     q - +2 helmet
rElec  .         Reflect  .     u - +0 cloak
rCorr  .         Harm     .     (no gloves)
MR     ++...                    A - +1 pair of boots
Stlth  ++........               (no amulet)
                                B - ring of protection from magic
                                z - ring of poison resistance

@: no status effects
A: no striking features
a: Renounce Religion


You were on level 9 of the Dungeon.
You worshipped Vehumet.
Vehumet was most pleased with you.
You were hungry.

You visited 2 branches of the dungeon, and saw 10 of its levels.

You collected 283 gold pieces.

Inventory:

Hand Weapons
 e - a +0 dagger of freezing (weapon)
Armour
 q - a +2 helmet (worn)
 u - a +0 cloak (worn)
 A - a +1 pair of boots (worn)
 K - a +1 robe of positive energy (worn)
 P - the +2 leather armour "Yckeuw" {Str+4}
   (You took it off a wight on level 8 of the Dungeon)

   It affects your strength (+4).
Jewellery
 z - a ring of poison resistance (left hand)
 B - a ring of protection from magic (right hand)
 G - an uncursed ring of resist corrosion
Wands
 s - a wand of polymorph (18/24)
 v - a wand of digging (4/24)
 F - a wand of random effects (22/48)
 M - a wand of disintegration (18/24)
 Q - a wand of paralysis (10/24)
Scrolls
 a - 2 scrolls of fog
 j - 3 scrolls of amnesia
 l - 4 scrolls of recharging
 o - a scroll of immolation {unknown}
 t - a scroll of blinking
 w - 5 scrolls of enchant weapon {unknown}
 y - a scroll of remove curse
 C - 2 scrolls of vulnerability {unknown}
 D - 2 scrolls of teleportation {unknown}
 I - a scroll of noise {unknown}
 J - 2 scrolls of random uselessness {unknown}
Potions
 d - 5 potions of curing
 h - a potion of cancellation
 n - a potion of mutation {unknown}
 p - 2 potions of flight {unknown}
 r - a potion of lignification {unknown}
 E - a potion of cure mutation {unknown}
 H - 2 potions of heal wounds {unknown}
 L - a potion of might {unknown}
 N - a potion of agility {unknown}
Books
 b - a book of Conjurations

   Spells                             Type                      Level
   a - Magic Dart                     Conjuration                  1
   b - Searing Ray                    Conjuration                  2
   c - Dazzling Spray                 Conjuration/Hexes            3
   d - Fulminant Prism                Conjuration/Hexes            4
   e - Iskenderun's Mystic Blast      Conjuration                  4
   f - Iskenderun's Battlesphere      Conjuration/Charms           5
 f - a book of Cantrips

   Spells                             Type                      Level
   a - Confusing Touch                Hexes                        1
   b - Animate Skeleton               Necromancy                   1
   c - Summon Small Mammal            Summoning                    1
   d - Apportation                    Translocation                1
Comestibles
 c - 9 bread rations
 g - 2 beef jerkies
 i - 5 meat rations
 k - 11 fruits
 m - 4 slices of pizza
 x - 2 royal jellies


   Skills:
 + Level 1.2 Fighting
 + Level 1.1 Short Blades
 - Level 2.4 Dodging
 - Level 2.4 Stealth
 + Level 11.6 Spellcasting
 * Level 14.0 Conjurations


You had 22 spell levels left.
You knew the following spells:

 Your Spells              Type           Power        Failure   Level  Hunger
a - Magic Dart            Conj           ####         0%          1    None
b - Searing Ray           Conj           ######       1%          2    None
c - Iskenderun's Mystic   Conj           ######..     1%          4    None
d - Dazzling Spray        Conj/Hex       #####.       1%          3    None


Dungeon Overview and Level Annotations

Branches:
Dungeon (9/15)             Temple (1/1) D:4
   Lair: D:8-11         Orc: D:9-12

Altars:
Ashenzari
Cheibriados
Dithmenos
Elyvilon
Fedhas
Gozag
Hepliaklqana
Kikubaaqudgha
Nemelex Xobeh
Okawaru
Qazlal
Ru
Sif Muna
Trog
Vehumet
Xom
Yredelemnul

Shops:
D:8 %

Annotations:
D:7 exclusion: ice statue


Message History

The wolf completely misses you.
The polar bear rages.
There is a stone staircase leading up here.
Casting: Iskenderun's Mystic Blast
Confirm with . or Enter, or press ? or * to list all spells.
Aiming: Iskenderun's Mystic Blast
Press: ? - help, Shift-Dir - straight line, f/p - polar bear
Aim: a polar bear (almost dead, berserk, fast, unusually strong)
The orb of energy hits the polar bear.
The polar bear is almost dead.
The wolf bites you. The polar bear bites you!
The polar bear claws you but does no damage.
The polar bear claws you.
* * * LOW HITPOINT WARNING * * *
The wolf barely misses you. The wolf bites you!
* * * LOW HITPOINT WARNING * * *
The polar bear bites you but does no damage.
The polar bear claws you but does no damage.
The polar bear claws you.
You die...

#########
#.......#
#.......#
#.......#
#.......#
#.......######
#......h@....#
#......h####...+
#......)### #
##........#
##..###..###
#.##.##†..#
#..#.......#
....##.##.÷.#
.##..###....+


You could see a polar bear (berserk) and a wolf.

Vanquished Creatures
  The ghost of aves the Cleaver, a novice VSFi of Ru (D:7)
  A polar bear (D:9)
  6 yaks (D:6)
  A hungry ghost (D:6)
  2 orc warriors
  3 sky beasts
  A black bear (D:6)
  4 phantoms
  An ice beast (D:9)
  A necrophage (D:8)
  2 centaurs (D:6)
  4 ogres
  8 bullfrogs
  A gnoll sergeant (D:8)
  A wyvern zombie (D:6)
  4 scorpions
  4 wights (D:8)
  2 howler monkeys
  2 crimson imps
  3 bullfrog skeletons
  A jelly (D:8)
  5 orc priests
  5 hounds
  An iguana (D:6)
  Terence (D:3)
  9 orc wizards
  6 worker ants
  2 killer bee zombies
  A centaur simulacrum (D:9)
  A hound skeleton (D:5)
  Robin (D:2)
  12 adders
  17 gnolls
  A howler monkey skeleton (D:6)
  A shadow imp (D:8)
  An ooze (D:3)
  2 adder skeletons
  An adder zombie (D:8)
  4 worms
  2 dart slugs
  6 leopard geckos
  29 orcs
  3 ball pythons
  3 giant cockroaches
  7 hobgoblins
  11 jackals
  4 quokkas
  5 bats
  4 frilled lizards
  19 goblins
  A jackal skeleton (D:6)
  A jackal zombie (D:7)
  13 kobolds
  A quokka skeleton (D:7)
  7 rats
  A spectral orc (D:7)
241 creatures vanquished.

Vanquished Creatures (others)
  An orc priest (D:4)
  An orc (D:4)
2 creatures vanquished.

Grand Total: 243 creatures vanquished

Notes
Turn   | Place    | Note
-------+----------+-------------------------------------------
     0 | D:1      | Jynx the Deep Elf Conjurer began the quest for the Orb.
     0 | D:1      | Reached XP level 1. HP: 10/10 MP: 6/6
   391 | D:1      | Reached XP level 2. HP: 15/15 MP: 6/8
   541 | D:1      | Reached skill level 5 in Conjurations
  1069 | D:2      | Reached XP level 3. HP: 16/19 MP: 2/9
  1177 | D:2      | Noticed Robin
  1370 | D:2      | Found a blossoming altar of Fedhas.
  1386 | D:2      | Reached skill level 6 in Conjurations
  1503 | D:2      | Reached XP level 4. HP: 24/24 MP: 4/11
  1791 | D:2      | Killed Robin
  2098 | D:2      | Found a sacrificial altar of Ru.
  2470 | D:3      | Learned a level 2 spell: Searing Ray
  2475 | D:3      | Learned a level 4 spell: Iskenderun's Mystic Blast
  2479 | D:3      | Learned a level 3 spell: Dazzling Spray
  2889 | D:3      | Found a faded altar of an unknown god.
  2934 | D:3      | Reached XP level 5. HP: 23/28 MP: 0/12
  3033 | D:3      | Found an opulent altar of Gozag.
  3305 | D:3      | Noticed Terence
  3360 | D:3      | Killed Terence
  3458 | D:3      | Reached skill level 7 in Conjurations
  3663 | D:3      | Reached skill level 5 in Spellcasting
  3767 | D:3      | Reached XP level 6. HP: 21/32 MP: 4/15
  4212 | D:4      | Found a shimmering altar of Xom.
  4360 | D:4      | Reached skill level 8 in Conjurations
  4488 | D:4      | Reached skill level 1 in Short Blades
  4488 | D:4      | Reached XP level 7. HP: 27/36 MP: 5/17
  5001 | D:4      | Found a staircase to the Ecumenical Temple.
  5048 | Temple   | Entered the Ecumenical Temple
  5094 | Temple   | Became a worshipper of Vehumet
  5177 | D:4      | Reached skill level 9 in Conjurations
  5368 | D:5      | Entered Level 5 of the Dungeon
  5377 | D:5      | Found a sparkling altar of Nemelex Xobeh.
  6039 | D:5      | Reached XP level 8. HP: 40/42 MP: 9/20
  6672 | D:6      | Reached skill level 10 in Conjurations
  6847 | D:6      | Reached * piety under Vehumet
  6847 | D:6      | Offered knowledge of Sting by Vehumet.
  7318 | D:6      | Reached skill level 11 in Conjurations
  7328 | D:6      | Reached skill level 1 in Fighting
  7454 | D:6      | Reached XP level 9. HP: 47/47 MP: 10/23
  8043 | D:6      | Reached skill level 12 in Conjurations
  8402 | D:6      | Reached skill level 10 in Spellcasting
  8659 | D:6      | Offered knowledge of Throw Frost by Vehumet.
  8808 | D:7      | Noticed aves's ghost (novice VSFi)
  8814 | D:7      | Killed aves's ghost
  8814 | D:7      | Reached ** piety under Vehumet
  8814 | D:7      | Reached skill level 13 in Conjurations
  9152 | D:7      | Reached XP level 10. HP: 52/52 MP: 19/26
  9259 | D:7      | Found a basalt altar of Yredelemnul.
  9494 | D:7      | Noticed an ice statue
 10357 | D:8      | Found Ginnausk's Food Boutique.
 10821 | D:8      | Offered knowledge of Static Discharge by Vehumet.
 11255 | D:8      | Got an ichor-stained leather armour
 11266 | D:8      | Identified the +2 leather armour "Yckeuw" {Str+4} (You took it off a wight on level 8 of the Dungeon)
 11547 | D:8      | Reached *** piety under Vehumet
 11883 | D:9      | Reached skill level 14 in Conjurations
 11890 | D:9      | Slain by a polar bear

Skill      XL: |  1  2  3  4  5  6  7  8  9 10 |
---------------+-------------------------------+-----
Conjurations   | 5 6 7 8 9 11 13 14 | 14.0
Spellcasting   | 5 6 8 10 11 | 11.6
Short Blades   | 1 |  1.1
Fighting       | 1 |  1.2
Dodging        | |  2.4
Stealth        | |  2.4

Action                   |  1- 3 |  4- 6 |  7- 9 | 10-12 || total
-------------------------+-------+-------+-------+-------++-------
Melee: Dagger            |       |    58 |    12 |     1 ||    71
 Cast: Magic Dart        |    73 |   155 |   267 |   190 ||   685
       Iskenderun's Myst |       |     7 |    46 |    31 ||    84
       Searing Ray       |       |     2 |       |       ||     2
       Dazzling Spray    |       |       |     5 |       ||     5
  Use: Scroll            |     3 |     3 |     5 |     1 ||    12
  Eat: Chunk             |     2 |     9 |    19 |     7 ||    37
Armor: Robe              |     2 |    36 |    45 |    20 ||   103
Dodge: Dodged            |     5 |    85 |    60 |    36 ||   186
